[Event "Titled Tuesday Blitz May 25 2021"]
[White "Mirzoev, Azer"]
[Black "Andreikin, Dmitry"]
[WhiteFideId "13400304"]
[BlackFideId "4158814"]
[WhiteElo "2525"]
[BlackElo "2782"]
[Result "0-1"]
[Round "04"]
[TimeControl "180+1"]
[Date "2021.05.25"]
[WhiteClock "0:00:07"]
[BlackClock "0:00:43"]

1. d4 Nf6 2. Nf3 e6 3. c4 b6 4. Nc3 Bb4 5. Qc2 Bb7 6. a3 Bxc3+ 7. Qxc3 d6 8. Bg5 Nbd7 9. e3 h6 10. Bh4 g5 11. Bg3 Ne4 12. Qc2 f5 13. Nd2 Nxg3 14. hxg3 Qf6 15. O-O-O O-O-O 16. f3 Kb8 17. Nb1 g4 18. f4 h5 19. Nc3 h4 20. gxh4 Rxh4 21. Rxh4 Qxh4 22. d5 Qe7 23. Kb1 Rh8 24. Bd3 Nc5 25. Ka2 Rh2 26. Bf1 a5 27. Qd2 a4 28. Qd4 Nb3 29. Qd3 Nc5 30. Qc2 exd5 31. cxd5 Bc8 32. Nxa4 Qxe3 33. Nxc5 Qxc5 34. Qxc5 bxc5 35. Rd2 Bb7 36. Bc4 g3 37. a4 Rh4 38. b3 Rxf4 39. Ka3 Rf2 40. Rd3 f4 41. Rd1 Rxg2 42. Re1 Rd2 43. Re8+ Ka7 44. Rf8 g2 45. Rg8 f3 46. Rg7 Rd1 0-1


[Site "https://www.chess.com"]

[Event "Titled Tuesday Blitz May 25 2021"]
[White "Moon, Benjamin"]
[Black "Fernandez, Daniel Howard"]
[WhiteFideId "2064847"]
[BlackFideId "5801605"]
[WhiteElo "2531"]
[BlackElo "2468"]
[Result "0-1"]
[Round "04"]
[TimeControl "180+1"]
[Date "2021.05.25"]
[WhiteClock "0:00:18"]
[BlackClock "0:00:55"]

1. d4 d5 2. Bf4 Nf6 3. e3 c5 4. dxc5 Nc6 5. Bb5 e6 6. b4 a5 7. c3 Bd7 8. Qb3 Be7 9. Nf3 O-O 10. O-O axb4 11. cxb4 b6 12. Bxc6 Bxc6 13. b5 Be8 14. c6 Ne4 15. Nbd2 Nc5 16. Qc2 f6 17. Rfd1 e5 18. Bg3 Bg6 19. Qc3 Na4 20. Qc1 Nc5 21. Nb3 Ra4 22. Nxc5 Bxc5 23. Qd2 Bf7 24. Ne1 Qa8 25. Nd3 Bd6 26. Rdc1 Rc8 27. Rc2 Ra5 28. Rb1 Bg6 29. f3 Ra3 30. Rb3 Rxb3 31. axb3 Qa3 32. Rc3 Ra8 33. Ne1 Bb4 34. Qxd5+ Bf7 35. Qd3 Bxc3 36. Qxc3 Qxb3 37. Qd2 Qxb5 38. c7 Qd5 39. Qb4 Qc5 0-1


[Site "https://www.chess.com"]

[Event "Titled Tuesday Blitz May 25 2021"]
[White "Nazaretyan, Tigran"]
[Black "Piccoli, Lucas Fonseca"]
[WhiteFideId "24162345"]
[BlackFideId "2190788"]
[WhiteElo "2247"]
[BlackElo "1776"]
[Result "1-0"]
[Round "04"]
[TimeControl "180+1"]
[Date "2021.05.25"]
[WhiteClock "0:00:17"]
[BlackClock "0:00:06"]

1. d4 Nf6 2. c4 e6 3. Nf3 Bb4+ 4. Bd2 Qe7 5. Nc3 b6 6. g3 Bb7 7. Bg2 O-O 8. O-O Bxc3 9. Bxc3 d6 10. Rc1 Nbd7 11. b4 Rab8 12. a3 e5 13. dxe5 Nxe5 14. Nxe5 Bxg2 15. Kxg2 dxe5 16. Qd3 Qe6 17. Qe3 Rfe8 18. Bb2 h6 19. f3 c5 20. Rfd1 Rbc8 21. b5 e4 22. f4 Ng4 23. Qc3 Qg6 24. Rd6 Nf6 25. Rcd1 e3 26. Qd3 Qxd3 27. R1xd3 Ne4 28. Rd7 Nd2 29. Rxa7 Nxc4 30. Bc3 Rcd8 31. Rxd8 Rxd8 32. Kf3 Rd1 33. Re7 Rc1 34. Be5 f6 35. Bc7 Rc3 36. a4 Ra3 37. Rd7 Rxa4 38. Rd8+ Kh7 39. Rd7 Nd2+ 40. Kxe3 Nc4+ 41. Kd3 Nb2+ 42. Kc2 Nc4 43. Kb3 Rb4+ 44. Kc3 Na3 45. Bxb6 Nxb5+ 46. Kc2 Rc4+ 47. Kd3 Rc3+ 48. Kd2 Rc4 49. Bd8 Re4 50. Bxf6 Kg6 51. Bxg7 c4 52. Ba1 c3+ 53. Bxc3 Nxc3 54. Kxc3 Rxe2 55. h4 Re3+ 56. Rd3 Re2 57. g4 Rg2 58. h5+ Kf6 59. Rd6+ Kg7 60. Rg6+ Kh7 61. Kd4 Rf2 62. Ke4 Re2+ 63. Kf3 Rd2 64. Re6 Rd3+ 65. Re3 Rd5 66. Re5 Rd3+ 67. Ke4 Ra3 68. Kf5 Ra4 69. Re7+ Kg8 70. Re6 Ra5+ 71. Kg6 Kf8 72. Kxh6 Ra4 73. Rf6+ Ke7 74. g5 Ra8 75. Kg6 Rg8+ 76. Kf5 Rh8 77. h6 Ke8 78. Ra6 Ke7 79. Ra7+ Kd6 80. Kg6 Rf8 81. f5 Rg8+ 82. Kh5 Rf8 83. f6 Ke5 84. h7 Rd8 85. Rg7 Kf5 86. Rg8 Rd3 87. Kh6 Rh3+ 88. Kg7 Kxg5 89. h8=Q Rd3 90. Qh6+ Kg4 91. Qg6+ Kf4 92. Qxd3 Ke5 93. Re8+ Kf4 94. Re4+ Kg5 95. Qd5# 1-0


[Site "https://www.chess.com"]

[Event "Titled Tuesday Blitz May 25 2021"]
[White "Ozkan, Ervin"]
[Black "Holt, Conrad"]
[WhiteFideId "6306004"]
[BlackFideId "2034387"]
[WhiteElo "2226"]
[BlackElo "2586"]
[Result "1-0"]
[Round "04"]
[TimeControl "180+1"]
[Date "2021.05.25"]
[WhiteClock "0:00:48"]
[BlackClock "0:00:03"]

1. d4 d5 2. Nf3 Nf6 3. Bf4 c5 4. e3 Nc6 5. Nbd2 Bg4 6. c3 e6 7. Qb3 Qc8 8. h3 Bxf3 9. Nxf3 c4 10. Qc2 b5 11. a3 a5 12. Be2 Ne4 13. Nd2 Nxd2 14. Qxd2 b4 15. a4 Be7 16. O-O O-O 17. Rfe1 Rd8 18. f3 Bf6 19. Bh2 Qb7 20. Qc2 Qb6 21. Kh1 e5 22. Red1 exd4 23. exd4 Ra7 24. Re1 Rb7 25. Rab1 Bh4 26. g3 Bf6 27. f4 g6 28. Bf3 Ne7 29. g4 Qc6 30. Ra1 b3 31. Qg2 Rbd7 32. Bg3 Nc8 33. g5 Bg7 34. Bg4 Rc7 35. f5 Rb7 36. f6 Bf8 37. h4 Nb6 38. h5 Re8 39. hxg6 hxg6 40. Qh2 Rxe1+ 41. Rxe1 Ra7 42. Kg2 Nd7 43. Rh1 Nxf6 44. Qh8# 1-0


[Site "https://www.chess.com"]

[Event "Titled Tuesday Blitz May 25 2021"]
[White "Petriashvili, Nikoloz"]
[Black "Sjugirov, Sanan"]
[WhiteFideId "13611216"]
[BlackFideId "4189302"]
[WhiteElo "2430"]
[BlackElo "2472"]
[Result "1-0"]
[Round "04"]
[TimeControl "180+1"]
[Date "2021.05.25"]
[WhiteClock "0:00:32"]
[BlackClock "0:00:04"]

1. d4 Nf6 2. c4 e6 3. Nf3 d5 4. g3 Bb4+ 5. Bd2 Be7 6. Qc2 c6 7. Bg2 b6 8. O-O O-O 9. Ne5 Bb7 10. Rd1 Nbd7 11. Bf4 Rc8 12. Nc3 Nxe5 13. dxe5 Nd7 14. cxd5 cxd5 15. e4 dxe4 16. Bxe4 Bxe4 17. Qxe4 Qc7 18. Nb5 Nc5 19. Qf3 Qb8 20. Rac1 a6 21. Nd6 Rc7 22. b4 Na4 23. Rxc7 Qxc7 24. Rc1 Qb8 25. Qc6 b5 26. Qxa6 Nb2 27. a3 Bxd6 28. exd6 Nd3 29. Rc7 Nxf4 30. gxf4 Qd8 31. h3 g6 32. Re7 Qb8 33. Qc6 Rc8 34. Rc7 Rd8 35. d7 Kg7 36. Kf1 1-0


[Site "https://www.chess.com"]

[Event "Titled Tuesday Blitz May 25 2021"]
[White "Ponikarovsky, Alexey"]
[Black "Aravindh, Chithambaram VR."]
[WhiteFideId "4122887"]
[BlackFideId "5072786"]
[WhiteElo "1944"]
[BlackElo "2600"]
[Result "1-0"]
[Round "04"]
[TimeControl "180+1"]
[Date "2021.05.25"]
[WhiteClock "0:01:12"]
[BlackClock "0:00:02"]

1. e4 g6 2. d4 Bg7 3. Nf3 d6 4. c4 e5 5. dxe5 dxe5 6. Qc2 Ne7 7. Be2 Nbc6 8. Be3 O-O 9. O-O Nd4 10. Qd1 c5 11. Nc3 f5 12. Bg5 h6 13. Bxe7 Qxe7 14. Nd5 Qf7 15. Nxd4 cxd4 16. Bd3 Be6 17. Qb3 b5 18. Qxb5 Rab8 19. Qa6 Rxb2 20. f3 Rfb8 21. Rab1 Bf8 22. h3 Kg7 23. Qa5 fxe4 24. Rxb2 Rxb2 25. fxe4 Qd7 26. Rxf8 Bxh3 27. Rf2 Rxf2 28. Kxf2 Qf7+ 29. Kg1 Be6 30. Nc7 Kf6 31. Nxe6 Qxe6 32. Qd5 Qb6 33. Kh2 Qc7 34. c5 Kg5 35. Qd6 Qf7 36. Qxe5+ Kh4 37. Qg3+ Kh5 38. Be2+ Qf3 39. Bxf3# 1-0


[Site "https://www.chess.com"]

[Event "Titled Tuesday Blitz May 25 2021"]
[White "Poormosavi, Seyed Kian"]
[Black "Asis Gargatagli, Hipolito"]
[WhiteFideId "12585807"]
[BlackFideId "2260735"]
[WhiteElo "2134"]
[BlackElo "2557"]
[Result "0-1"]
[Round "04"]
[TimeControl "180+1"]
[Date "2021.05.25"]
[WhiteClock "0:01:56"]
[BlackClock "0:01:46"]

1. e4 e5 2. Nf3 Nc6 3. c3 Nf6 4. d4 exd4 5. e5 Nd5 6. Bb5 a6 7. Bxc6 dxc6 8. Nxd4 c5 9. Nc2 Be6 10. O-O Qd7 11. Nd2 O-O-O 12. Nc4 Nxc3 13. Qxd7+ Rxd7 14. bxc3 Bxc4 15. Re1 Be7 16. Ne3 Be6 17. f4 g6 18. g4 Rd3 19. c4 h5 20. f5 gxf5 21. gxf5 Rg8+ 22. Kf1 Bxf5 23. Ke2 Bg6 24. Rg1 Rd7 25. Bb2 Rgd8 26. Bc3 Rd3 27. Rac1 Bf8 28. e6 Bh6 29. Nd5 Bxc1 30. Rxg6 R3xd5 0-1


[Site "https://www.chess.com"]

[Event "Titled Tuesday Blitz May 25 2021"]
[White "Principe, Gerson"]
[Black "Vogel, Roven"]
[WhiteFideId "3804550"]
[BlackFideId "12908088"]
[WhiteElo "2280"]
[BlackElo "2516"]
[Result "1/2-1/2"]
[Round "04"]
[TimeControl "180+1"]
[Date "2021.05.25"]
[WhiteClock "0:00:11"]
[BlackClock "0:00:04"]

1. d4 d5 2. Nf3 Nf6 3. c4 e6 4. Nc3 a6 5. cxd5 exd5 6. Bg5 Be6 7. e3 Nbd7 8. Be2 Bd6 9. O-O c6 10. Rc1 Qb8 11. Bh4 O-O 12. Bg3 Bg4 13. Bxd6 Qxd6 14. a3 Rfe8 15. Re1 a5 16. Qc2 Bh5 17. Nd2 Bg6 18. Bd3 Ng4 19. Nf1 Qf6 20. Bxg6 hxg6 21. h3 Nh6 22. Ng3 Nf5 23. Nxf5 gxf5 24. g3 g6 25. h4 Kg7 26. Kg2 Qe6 27. Rh1 Nf6 28. Ne2 Qd6 29. Nf4 Ng4 30. Rce1 b6 31. Qd3 Rad8 32. h5 Rh8 33. f3 Nf6 34. g4 fxg4 35. hxg6 gxf3+ 36. Kxf3 Ne4 37. gxf7 Kxf7 38. Reg1 b5 39. Qc2 Rdg8 40. Rxh8 Rxh8 41. Qg2 Qf6 42. Ke2 Ke8 43. Kd1 Kd8 44. Kc1 Kc7 45. Qg4 Kb6 46. Qd7 Qd6 47. Qg7 Rc8 48. Rg6 Qd8 49. Qf7 Nd6 50. Qe6 Kc7 51. Rg7+ Kb6 52. Nd3 Ne4 53. Nc5 a4 54. Nxe4 dxe4 55. Qxe4 Qd5 56. Qxd5 cxd5+ 57. Kd2 Kc6 58. Rg6+ Kd7 59. Rb6 Rg8 60. Rxb5 Rg2+ 61. Kc3 Kd6 62. Rb6+ Kc7 63. Rf6 Re2 64. Re6 Kd7 65. Re5 Kd6 66. Kb4 Rxb2+ 67. Kxa4 Rb1 68. Rh5 Re1 69. Rh6+ Kd7 70. Rh5 Rxe3 71. Rxd5+ Kc6 72. Rc5+ Kd6 73. Rh5 Rd3 74. Rh6+ Kd5 75. Rh5+ Kxd4 76. Kb4 Rd1 77. Rb5 Rb1+ 78. Ka5 Ra1 79. a4 Kc4 80. Rb8 Kc5 81. Rc8+ Kd6 82. Rb8 Kc7 83. Rb5 Ra2 84. Rb4 Kc6 85. Rc4+ Kb7 86. Rc1 Ka7 87. Kb4 Rb2+ 88. Ka5 Rh2 89. Rg1 Rh5+ 90. Kb4 Rh4+ 91. Ka3 Rh3+ 92. Kb4 Rh4+ 93. Ka3 Rh3+ 94. Kb4 Rh4+ 1/2-1/2


[Site "https://www.chess.com"]

[Event "Titled Tuesday Blitz May 25 2021"]
[White "Quparadze, Giga"]
[Black "Ozen, Bahadir"]
[WhiteFideId "13602250"]
[BlackFideId "6337058"]
[WhiteElo "2658"]
[BlackElo "2503"]
[Result "1/2-1/2"]
[Round "04"]
[TimeControl "180+1"]
[Date "2021.05.25"]
[WhiteClock "0:01:26"]
[BlackClock "0:00:22"]

1. e4 e5 2. Nf3 Nc6 3. Bb5 a6 4. Ba4 Nf6 5. Nc3 b5 6. Bb3 Be7 7. d3 O-O 8. Nd5 d6 9. c3 Na5 10. Nxe7+ Qxe7 11. Bc2 h6 12. h3 c5 13. g4 Nh7 14. Be3 Nc6 15. Qd2 Be6 16. Rg1 d5 17. Qe2 d4 18. Bd2 g5 19. h4 f6 20. cxd4 cxd4 21. Qd1 Rfc8 22. Bb3 Qf7 23. Ke2 Bxb3 24. Qxb3 Qxb3 25. axb3 Nf8 26. hxg5 hxg5 27. Rh1 Kg7 28. Rhc1 Ne6 29. Rc2 Ne7 30. Rxc8 Nxc8 31. Rc1 Ne7 32. Bb4 Rc8 33. Ra1 Nc6 34. Bd2 Ra8 35. Ne1 Kf7 36. Nc2 Ke7 37. Nb4 Nxb4 38. Bxb4+ Kd7 39. Rh1 Nf4+ 40. Kd2 a5 41. Rh7+ Kc6 42. Be7 Ra7 43. Rf7 Ne6 44. Ke2 Nf4+ 45. Kf3 Ne6 46. Kg3 Rd7 47. Kf3 Kb7 48. Kg3 Kc6 49. Rh7 Kb7 50. Rf7 Kc6 1/2-1/2


[Site "https://www.chess.com"]

[Event "Titled Tuesday Blitz May 25 2021"]
[White "Rasulov, Vugar"]
[Black "Matinian, Nikita"]
[WhiteFideId "13402390"]
[BlackFideId "24129100"]
[WhiteElo "2553"]
[BlackElo "2410"]
[Result "1-0"]
[Round "04"]
[TimeControl "180+1"]
[Date "2021.05.25"]
[WhiteClock "0:01:48"]
[BlackClock "0:00:12"]

1. e4 c5 2. Nf3 d6 3. d4 cxd4 4. Nxd4 Nf6 5. Nc3 Nc6 6. Bg5 Qb6 7. Nb3 e6 8. Qd2 Bd7 9. O-O-O a6 10. f3 Be7 11. g4 Rc8 12. h4 Ne5 13. Be2 Nc4 14. Bxc4 Rxc4 15. e5 Ng8 16. Be3 Qd8 17. exd6 Bf6 18. Ne4 Qc8 19. Kb1 Bd8 20. g5 h5 21. Nbc5 b6 22. Nxd7 Qxd7 23. Qd3 Rc6 24. Qxa6 f5 25. Nc3 Rxd6 26. Rxd6 Qxd6 27. Rd1 Qc6 28. Qd3 Bc7 29. Bd4 Kf8 30. Nb5 Ne7 31. Nxc7 Qxc7 32. Be5 Qxe5 33. Qd8+ Kf7 34. Qxh8 Qe2 35. Qxh5+ Ng6 36. Rc1 e5 37. Qh7 Qxf3 38. h5 Nf8 39. Qh8 Qg4 40. g6+ 1-0


[Site "https://www.chess.com"]

[Event "Titled Tuesday Blitz May 25 2021"]
[White "Reprintsev, Alexander"]
[Black "Mohammad Fahad, Rahman"]
[WhiteFideId "14100541"]
[BlackFideId "10207791"]
[WhiteElo "2177"]
[BlackElo "2323"]
[Result "1-0"]
[Round "04"]
[TimeControl "180+1"]
[Date "2021.05.25"]
[WhiteClock "0:01:01"]
[BlackClock "0:00:01"]

1. e4 c5 2. b3 g6 3. Bb2 Nf6 4. e5 Nd5 5. Nc3 Nxc3 6. dxc3 Bg7 7. Qd5 Nc6 8. Nf3 d6 9. exd6 Qxd6 10. Qxd6 exd6 11. O-O-O Ke7 12. Bc4 Be6 13. Rhe1 Ne5 14. Bd5 Bxd5 15. Rxd5 b6 16. c4 f6 17. Nxe5 dxe5 18. f4 Bh6 19. g3 Rhd8 20. Kb1 Ke6 21. fxe5 f5 22. Red1 Rxd5 23. cxd5+ Kd7 24. c4 Re8 25. e6+ Kd6 26. Re1 Ke7 27. Be5 g5 28. Bc7 Kf6 29. e7 f4 30. Re6+ Kg7 31. gxf4 gxf4 32. Rxh6 f3 33. Re6 f2 34. Be5+ Kg8 35. Rf6 Rxe7 36. d6 Rxe5 37. d7 Re1+ 38. Kc2 1-0


[Site "https://www.chess.com"]

[Event "Titled Tuesday Blitz May 25 2021"]
[White "Ronka, Erik"]
[Black "Le, Tuan Minh"]
[WhiteFideId "505080"]
[BlackFideId "12401153"]
[WhiteElo "2264"]
[BlackElo "2450"]
[Result "0-1"]
[Round "04"]
[TimeControl "180+1"]
[Date "2021.05.25"]
[WhiteClock "0:00:04"]
[BlackClock "0:00:38"]

1. d4 d5 2. c4 c6 3. Nc3 Nf6 4. e3 a6 5. Nf3 Bf5 6. Nh4 Be4 7. f3 Bg6 8. Nxg6 hxg6 9. e4 dxe4 10. fxe4 e5 11. Be3 exd4 12. Qxd4 Qxd4 13. Bxd4 Nbd7 14. O-O-O Bc5 15. Bxc5 Nxc5 16. e5 Ng4 17. Rd2 Rd8 18. b4 Rxd2 19. Kxd2 Ne6 20. Ne4 Nxe5 21. Be2 Ke7 22. Kc3 f5 23. Nd2 Kf6 24. g3 g5 25. Nb3 f4 26. gxf4 Rh3+ 27. Kc2 gxf4 28. Nd2 Nd4+ 29. Kd1 Nxe2 30. Kxe2 Kf5 31. c5 g5 32. Nb3 g4 33. Nd4+ Kf6 34. Nc2 g3 35. Kf1 f3 0-1


[Site "https://www.chess.com"]

[Event "Titled Tuesday Blitz May 25 2021"]
[White "Rozhkov, Viacheslav"]
[Black "Aliavdin, Nikolai"]
[WhiteFideId "4181484"]
[BlackFideId "13502883"]
[WhiteElo "2324"]
[BlackElo "2268"]
[Result "0-1"]
[Round "04"]
[TimeControl "180+1"]
[Date "2021.05.25"]
[WhiteClock "0:00:08"]
[BlackClock "0:00:30"]

1. e4 c5 2. Nf3 d6 3. d4 cxd4 4. Nxd4 Nf6 5. Nc3 a6 6. Be3 e5 7. Nb3 Be6 8. f3 Be7 9. Qd2 O-O 10. O-O-O Nbd7 11. g4 Nb6 12. g5 Nh5 13. h4 Rc8 14. Qf2 Nc4 15. Bxc4 Rxc4 16. Kb1 b5 17. Ne2 Qc7 18. Rd2 f5 19. gxf6 Nxf6 20. Qg2 d5 21. Bh6 Rf7 22. exd5 Nxd5 23. Rhd1 Nb4 24. c3 Nxa2 25. Kxa2 Ra4+ 26. Kb1 Bxb3 27. Rd7 Qc8 28. Qg4 Bf8 29. Rxf7 Qxg4 30. fxg4 Bxd1 31. Rf2 Bxe2 0-1


[Site "https://www.chess.com"]

[Event "Titled Tuesday Blitz May 25 2021"]
[White "Salem, A.R. Saleh"]
[Black "Krivonosov, Oleg"]
[WhiteFideId "9301348"]
[BlackFideId "11600349"]
[WhiteElo "2659"]
[BlackElo "2469"]
[Result "1-0"]
[Round "04"]
[TimeControl "180+1"]
[Date "2021.05.25"]
[WhiteClock "0:00:19"]
[BlackClock "0:00:36"]

1. d4 d5 2. c4 e6 3. Nc3 Be7 4. Nf3 Nf6 5. Bg5 h6 6. Bxf6 Bxf6 7. e3 O-O 8. Rc1 c6 9. h4 c5 10. dxc5 dxc4 11. Qxd8 Rxd8 12. Bxc4 Nd7 13. Na4 Ne5 14. Nxe5 Bxe5 15. b4 Bd7 16. Nc3 b6 17. Ba6 bxc5 18. bxc5 Bc6 19. O-O Rd2 20. a4 Bxc3 21. Rxc3 Rb8 22. Bb5 Rc8 23. Rb1 Rd5 24. Bxc6 Rxc6 25. Rb8+ Kh7 26. Rb7 Kg6 27. Rxa7 Rcxc5 28. Rxc5 Rxc5 29. g3 Rc2 30. a5 Ra2 31. a6 h5 32. Kg2 Kf6 33. Kf3 g6 34. e4 Kg7 35. e5 Ra5 36. Ke4 Ra2 37. Ke3 Ra5 38. f4 Ra3+ 39. Kd4 Rxg3 40. Rc7 Ra3 41. a7 g5 42. fxg5 Kg6 43. Kc5 Kf5 44. Rxf7+ Kxe5 45. g6 1-0


[Site "https://www.chess.com"]

[Event "Titled Tuesday Blitz May 25 2021"]
[White "Samsonkin, Artiom"]
[Black "Sanchez Alvares, Kelvin Antonio"]
[WhiteFideId "13503111"]
[BlackFideId "3906680"]
[WhiteElo "2513"]
[BlackElo "2247"]
[Result "0-1"]
[Round "04"]
[TimeControl "180+1"]
[Date "2021.05.25"]
[WhiteClock "0:00:09"]
[BlackClock "0:00:48"]

1. e4 e5 2. Nf3 Nc6 3. d4 exd4 4. Bc4 Bc5 5. Ng5 Nh6 6. Nxf7 Nxf7 7. Bxf7+ Kxf7 8. Qh5+ Kf8 9. Qxc5+ d6 10. Qc4 Qf6 11. O-O Qf7 12. Qe2 h5 13. f4 Bg4 14. Qb5 Rb8 15. h3 a6 16. Qg5 Bd7 17. c3 Re8 18. Nd2 Rh6 19. Kh1 Rg6 20. Qxh5 Bxh3 21. Qh8+ Ke7 22. Qh4+ Qf6 23. Qxf6+ gxf6 24. gxh3 Rh8 25. Kh2 Rhg8 26. Rf2 dxc3 27. bxc3 Rg3 28. Nf3 Na5 29. Nd4 Rxc3 30. Bd2 Ra3 31. Rc1 Kd7 32. e5 fxe5 33. fxe5 Rxa2 34. e6+ Kc8 35. Re1 Nc4 36. Be3 Ra3 37. Bg5 Ne5 38. e7 Re8 39. Rf8 Kd7 40. Rxe8 Kxe8 41. Nf5 Nf3+ 42. Kg2 Nxe1+ 43. Kf1 Rf3+ 0-1


[Site "https://www.chess.com"]

[Event "Titled Tuesday Blitz May 25 2021"]
[White "Senft, Sean"]
[Black "Vakhlamov, Igor L."]
[WhiteFideId "2044960"]
[BlackFideId "24126748"]
[WhiteElo "1881"]
[BlackElo "2405"]
[Result "1-0"]
[Round "04"]
[TimeControl "180+1"]
[Date "2021.05.25"]
[WhiteClock "0:00:44"]
[BlackClock "0:00:08"]

1. d4 d5 2. c4 e6 3. Nc3 Bb4 4. cxd5 exd5 5. Nf3 Nf6 6. Bg5 h6 7. Bh4 g5 8. Bg3 Ne4 9. Qb3 c5 10. e3 Nc6 11. Bb5 h5 12. h3 Nxg3 13. fxg3 Be6 14. O-O f6 15. Na4 Qd6 16. dxc5 Bxc5 17. Rac1 d4 18. Qc2 Bb6 19. Rfd1 O-O 20. Qg6+ Kh8 21. Bxc6 bxc6 22. Nxd4 Bd5 23. Qxh5+ Kg7 24. Nf5+ 1-0


[Site "https://www.chess.com"]

[Event "Titled Tuesday Blitz May 25 2021"]
[White "Sergey85Rodchenkov"]
[Black "Remizov, Yaroslav"]
[BlackFideId "34134015"]
[WhiteElo "2528"]
[BlackElo "2367"]
[Result "1-0"]
[Round "04"]
[TimeControl "180+1"]
[Date "2021.05.25"]
[WhiteClock "0:00:08"]
[BlackClock "0:00:02"]

1. e4 d6 2. d4 Nf6 3. Nc3 e5 4. Nf3 Nbd7 5. Bc4 Be7 6. O-O O-O 7. Re1 c6 8. a4 a5 9. h3 exd4 10. Nxd4 Nc5 11. Qf3 Be6 12. Bf1 Nfd7 13. Nf5 Ne5 14. Nxe7+ Qxe7 15. Qg3 f6 16. b3 Rae8 17. Ba3 b6 18. Rad1 Bc8 19. f4 Ng6 20. h4 Nh8 21. h5 Nf7 22. Bc4 Kh8 23. Bb2 Nh6 24. Bd3 Nxd3 25. Rxd3 Bg4 26. Ba3 c5 27. Qh4 Rd8 28. Rg3 Qd7 29. f5 d5 30. Rxg4 Nxg4 31. Qxg4 dxe4 32. Rxe4 Qd2 33. Ne2 Qxc2 34. Re7 Rg8 35. Nf4 Qd1+ 36. Qxd1 Rxd1+ 37. Kh2 Rb1 38. Re3 Rf8 39. Ne6 Re8 40. Rc3 Kg8 41. Bc1 Kf7 42. Bf4 Rxe6 43. fxe6+ Kxe6 44. Bc7 c4 45. bxc4 Rb4 46. c5 bxc5 47. Rxc5 Rxa4 48. Rxa5 Rc4 49. Bg3 g6 50. h6 1-0


[Site "https://www.chess.com"]

[Event "Titled Tuesday Blitz May 25 2021"]
[White "Seul, Georg"]
[Black "Martinez Alcantara, Jose Eduardo"]
[WhiteFideId "4601653"]
[BlackFideId "3805662"]
[WhiteElo "2332"]
[BlackElo "2690"]
[Result "0-1"]
[Round "04"]
[TimeControl "180+1"]
[Date "2021.05.25"]
[WhiteClock "0:00:06"]
[BlackClock "0:00:12"]

1. e4 c5 2. Nf3 d6 3. Bc4 e6 4. O-O Nf6 5. Re1 Be7 6. Bb3 O-O 7. c3 b6 8. d4 Bb7 9. Bc2 Qc7 10. Bg5 e5 11. d5 Nbd7 12. a4 a6 13. Na3 Rfc8 14. Nc4 Bf8 15. Ne3 c4 16. Nf5 b5 17. a5 Re8 18. h3 Rab8 19. Nh2 Kh8 20. Ng4 Nxg4 21. hxg4 f6 22. Be3 g6 23. Ng3 Nc5 24. Qd2 Bc8 25. f3 Re7 26. Kf2 Rf7 27. Rh1 Kg8 28. Rh2 Qb7 29. g5 fxg5 30. Bxg5 b4 31. Rah1 b3 32. Bb1 Qa7 33. Ke1 Rb5 34. Be3 Rxa5 35. Kf2 Qc7 36. Bh6 Be7 37. Bg5 Bf8 38. Bh6 Bxh6 39. Qxh6 Rg7 40. Qg5 Qe7 41. Qe3 Ra1 42. Ke2 a5 43. f4 exf4 44. Qxf4 a4 45. Kd2 a3 46. bxa3 Rxa3 47. Re1 Nd7 48. Kc1 Ne5 49. Ne2 Ra1 50. Kb2 Qa7 0-1


[Site "https://www.chess.com"]

[Event "Titled Tuesday Blitz May 25 2021"]
[White "Shapiro, David"]
[Black "Turzo, Attila"]
[WhiteFideId "24133523"]
[BlackFideId "704954"]
[WhiteElo "2261"]
[BlackElo "2497"]
[Result "0-1"]
[Round "04"]
[TimeControl "180+1"]
[Date "2021.05.25"]
[WhiteClock "0:00:05"]
[BlackClock "0:00:33"]

1. d4 d5 2. Bf4 c6 3. Nc3 Bf5 4. e3 e6 5. g4 Bg6 6. h4 h6 7. h5 Bh7 8. Bd3 Bxd3 9. Qxd3 Bd6 10. Nge2 Bxf4 11. exf4 Nd7 12. O-O-O Ne7 13. f5 exf5 14. gxf5 Qc7 15. Rhg1 Rg8 16. Qe3 Nf6 17. Qe5 O-O-O 18. Nf4 Rde8 19. Rde1 Nd7 20. Qe3 Nf6 21. Qe5 Kb8 22. Re3 Nc8 23. Qxc7+ Kxc7 24. Reg3 Nd6 25. Rxg7 Rxg7 26. Rxg7 Rg8 27. Rxg8 Nxg8 28. Nce2 Nxf5 29. c3 Nf6 30. Kd1 Kd6 31. Ke1 Ke7 32. Nc1 Ng7 33. Ncd3 Ngxh5 34. Nh3 Ne4 35. f3 Nd6 36. Kf2 Ng7 37. Nhf4 Ne6 38. Nh5 f6 39. Ng3 Kf7 40. Ke3 Kg6 41. f4 Nf5+ 42. Kf3 Nxg3 43. Kxg3 Kf5 44. Kf3 h5 45. b3 h4 46. a4 h3 47. Kg3 Ke4 48. Nf2+ Ke3 49. Nxh3 Kd3 50. f5 Nf8 51. Nf4+ Kxc3 52. Ne6 Nd7 53. Nd8 Kxb3 54. a5 b6 55. a6 c5 56. dxc5 bxc5 57. Nc6 c4 58. Nxa7 c3 59. Nb5 c2 60. a7 Nb6 61. Nd4+ Kb2 62. Ne2 c1=Q 63. Nxc1 Kxc1 64. Kf4 Kd2 65. Kg4 Ke3 66. Kh5 Ke4 67. Kg6 Ke5 68. Kf7 d4 69. Ke7 d3 70. Kd8 d2 71. Kc7 Na8+ 72. Kb7 0-1


[Site "https://www.chess.com"]

[Event "Titled Tuesday Blitz May 25 2021"]
[White "Skatchkov, Pavel"]
[Black "Hamley, Ryan"]
[WhiteFideId "4121848"]
[BlackFideId "30959497"]
[WhiteElo "2476"]
[BlackElo "2420"]
[Result "1-0"]
[Round "04"]
[TimeControl "180+1"]
[Date "2021.05.25"]
[WhiteClock "0:00:44"]
[BlackClock "0:00:16"]

1. d4 Nf6 2. c4 e6 3. Nf3 d5 4. g3 Be7 5. Bg2 O-O 6. O-O dxc4 7. Qc2 a6 8. a4 Bd7 9. Qxc4 Bc6 10. Bg5 Nbd7 11. Nc3 Nb6 12. Qd3 Nbd5 13. Ne5 Be8 14. Nxd5 Nxd5 15. Bxe7 Qxe7 16. e3 Rd8 17. Rfc1 c6 18. a5 f6 19. Nc4 Bg6 20. Qb3 Bf7 21. e4 Nb4 22. Ra4 c5 23. dxc5 Nd3 24. Rf1 Nxc5 25. Qa3 Rd4 26. Nb6 Rfd8 27. Rxd4 Rxd4 28. Rc1 1-0


[Site "https://www.chess.com"]

[Event "Titled Tuesday Blitz May 25 2021"]
[White "Stoleriu, George"]
[Black "Grieve, Harry"]
[WhiteFideId "1227505"]
[BlackFideId "426520"]
[WhiteElo "2227"]
[BlackElo "2191"]
[Result "1-0"]
[Round "04"]
[TimeControl "180+1"]
[Date "2021.05.25"]
[WhiteClock "0:00:06"]
[BlackClock "0:00:04"]

1. e4 c5 2. Nf3 e6 3. b3 b6 4. Bb2 Bb7 5. d3 d5 6. Nbd2 Nc6 7. g3 Nf6 8. Bg2 d4 9. O-O Be7 10. e5 Nd5 11. Ne4 O-O 12. Re1 a5 13. a4 Ncb4 14. Nfd2 Qc7 15. Nc4 Rad8 16. Qd2 Bc6 17. h4 Qb7 18. Ned6 Qc7 19. h5 f6 20. Nb5 Bxb5 21. axb5 f5 22. Ba3 Qd7 23. Bxb4 cxb4 24. Bxd5 Qxd5 25. Nxb6 Qxb5 26. Nc4 Ra8 27. f4 a4 28. bxa4 Rxa4 29. Rxa4 Qxa4 30. Rb1 Ra8 31. Qc1 Kf7 32. Nb6 Qc6 33. Nxa8 Qxa8 34. Qf1 Qa2 35. Qd1 Qd5 36. Ra1 Qc6 37. Ra7 g6 38. hxg6+ hxg6 39. Kf2 Kf8 40. Ra1 Kf7 41. Qe2 Kg7 42. Rb1 Kg8 43. Rb2 Qc3 44. Ra2 Qc6 45. Qf3 Qc3 46. Qe2 Qc6 47. Ra7 Kf7 48. Qd2 Kf8 49. Kg1 Qf3 50. Qf2 Qd1+ 51. Kg2 b3 52. cxb3 Qxd3 53. Qf3 Qc2+ 54. Kh3 Qc5 55. Ra8+ Kf7 56. Ra6 Qc2 57. Ra7 Qc5 58. Rd7 Qb4 59. Qb7 Ke8 60. Qxb4 Bxb4 61. Rxd4 Bc5 62. Rc4 Be3 63. Kg2 Kd7 64. Kf3 Bb6 65. b4 Ba7 66. b5 Bb6 67. Rc6 Bd4 68. Rd6+ 1-0


[Site "https://www.chess.com"]

[Event "Titled Tuesday Blitz May 25 2021"]
[White "Tabatabaei, M. Amin"]
[Black "Maltsevskaya, Aleksandra"]
[WhiteFideId "12521213"]
[BlackFideId "24174041"]
[WhiteElo "2555"]
[BlackElo "2225"]
[Result "1-0"]
[Round "04"]
[TimeControl "180+1"]
[Date "2021.05.25"]
[WhiteClock "0:00:21"]
[BlackClock "0:00:01"]

1. b3 e5 2. Bb2 d6 3. g3 Nf6 4. Bg2 g6 5. c4 c5 6. Nf3 Bg7 7. O-O O-O 8. Nc3 Nc6 9. e3 Bf5 10. d3 e4 11. dxe4 Nxe4 12. Qc1 Nb4 13. Ne1 Re8 14. a3 Nc6 15. Nd5 Nf6 16. Qd2 Nxd5 17. Bxd5 Bxb2 18. Qxb2 Ne5 19. Rd1 Rb8 20. Qd2 Bh3 21. Bg2 Bxg2 22. Kxg2 Qb6 23. Qc3 Qc6+ 24. Kg1 b5 25. h3 b4 26. axb4 Rxb4 27. f4 Nd7 28. Nc2 Rb6 29. Ra1 Reb8 30. Ra3 a6 31. Kf2 Qb7 32. Rb1 Nf8 33. Ne1 Nd7 34. Nf3 d5 35. cxd5 Nf6 36. Qd3 Qxd5 37. Qxd5 Nxd5 38. Nd2 Re6 39. Nc4 Re4 40. Rba1 Nb4 41. Kf3 Nc2 42. Kxe4 1-0


[Site "https://www.chess.com"]